AoeStats
← Rowdy

Black Forest

510588610Analyzed
4v4 RM · 8h ago on Oct 1, 2026· 66m 8s· 8 players
Game mode
Random Map
Map size
Large (8 player)
Population
200
Speed
Normal
Resources
Standard
Victory
Conquest
Starting age
Dark Age
Ending age
Imperial Age
RankedLock teamsTeams togetherTeam positionsShared explorationLock speedFull tech treeHidden civsTurbo modeCheats
Victory
Defeat
🇹🇼 Mongols · Taiwan
961
+16
🇮🇳 Wu · India
936
+17
🇨🇳 Persians · China
927
+18
🇮🇳 Italians · India
889
+19
🇷🇺 Danes · Russia
1013
-19
🇹🇷 Britons · Türkiye
988
-19
🇫🇷 Spanish · France
977
-18
🇷🇺 Portuguese · Russia
878
-14
KOMMEPCAHT
5:07 Loom
12:52 Feudal Age
14:00 Double-Bit Axe
13:57 Horse Collar
17:14 Castle Age
17:12 Wheelbarrow
19:13 Hand Cart
22:15 Bow Saw
23:16 Heavy Plow
25:23 Gold Mining
25:24 Stone Mining
27:22 Gold Shaft Mining
27:22 Stone Shaft Mining
32:00 Imperial Age
30:23 Forging
30:16 Scale Mail Armor
29:41 Hamask
32:01 Iron Casting
31:41 Chain Mail Armor
31:50 Ballistics
31:26 Murder Holes
31:46 Heated Shot
32:06 Masonry
32:20 Fletching
32:30 Padded Archer Armor
32:13 Capped Ram
33:16 Conscription
32:22 Northmen's Fury
34:34 Chemistry
33:40 Siege Ram
34:41 Elite Jomsviking
36:26 Plate Mail Armor
36:56 Blast Furnace
36:02 Onager
41:19 Siege Onager
42:47 Bodkin Arrow
43:07 Leather Archer Armor
45:49 Gambesons
46:05 Squires
45:51 Arson
47:51 Pikeman
48:51 Heavy Scorpion
56:40 Halberdier
57:57 Ring Archer Armor
KarasukWarrior
11:29 Feudal Age
15:15 Wheelbarrow
14:34 Double-Bit Axe
15:06 Horse Collar
19:03 Castle Age
16:56 Horse Collar
18:54 Stone Mining
20:46 Heavy Plow
21:01 Bow Saw
25:10 Fletching
26:08 Bodkin Arrow
27:05 Padded Archer Armor
29:30 Leather Archer Armor
30:38 Hand Cart
30:57 Ballistics
35:01 Imperial Age
34:29 Yeomen
34:33 Fortified Wall
35:22 Elite Longbowman
36:23 Conscription
37:09 Chemistry
36:12 Bracer
37:38 Ring Archer Armor
37:32 Caravan
37:50 Arrowslits
41:40 Gold Mining
43:02 Two-Man Saw
43:12 Warwolf
55:23 Elite Skirmisher
Gérard Carpentier
10:51 Feudal Age
14:49 Castle Age
14:16 Double-Bit Axe
14:13 Horse Collar
14:25 Gold Mining
21:12 Bow Saw
24:26 Fletching
29:06 Wheelbarrow
29:16 Ballistics
29:09 Masonry
28:56 Murder Holes
29:14 Fervor
29:37 Sanctity
30:50 Bodkin Arrow
30:56 Padded Archer Armor
31:02 Scale Barding Armor
31:06 Inquisition
30:36 Elite Skirmisher
32:04 Hand Cart
31:36 Loom
32:23 Thumb Ring
32:36 Leather Archer Armor
35:34 Imperial Age
33:36 Chain Barding Armor
34:16 Pikeman
34:57 Squires
34:45 Gambesons
34:46 Arson
35:15 Forging
35:06 Scale Mail Armor
36:21 Town Watch
36:06 Elite Conquistador
37:09 Supremacy
36:22 Sappers
37:15 Conscription
37:32 Hoardings
37:17 Block Printing
37:47 Theocracy
37:48 Illumination
37:41 Redemption
37:14 Halberdier
38:31 Iron Casting
37:56 Bracer
38:27 Ring Archer Armor
39:40 Two-Man Saw
40:23 Chemistry
39:55 Architecture
41:48 Heavy Plow
54:52 Bombard Tower
58:46 Blast Furnace
58:01 Chain Mail Armor
58:22 Plate Barding Armor
Adment_Vk
0:43 Loom
12:12 Feudal Age
15:49 Double-Bit Axe
18:43 Castle Age
18:23 Stone Mining
25:23 Horse Collar
26:05 Heavy Plow
27:29 Wheelbarrow
28:43 Hand Cart
34:17 Imperial Age
32:31 Bow Saw
34:01 Caravan
33:32 Pikeman
33:58 Arson
36:28 Two-Man Saw
36:28 Crop Rotation
37:15 Chemistry
36:21 Siege Engineers
36:48 Ballistics
35:54 Halberdier
36:03 Elite Skirmisher
38:54 Fletching
39:15 Forging
40:23 Bodkin Arrow
41:04 Iron Casting
40:30 Padded Archer Armor
41:15 Bracer
41:16 Scale Mail Armor
42:13 Conscription
43:14 Blast Furnace
43:34 Leather Archer Armor
47:26 Chain Mail Armor
47:42 Ring Archer Armor
50:29 Plate Mail Armor
56:11 Arquebus
SYNC
0:36 Loom
13:28 Feudal Age
14:36 Gold Mining
14:34 Double-Bit Axe
14:59 Horse Collar
15:29 Stone Mining
23:04 Castle Age
23:47 Wheelbarrow
24:45 Stone Shaft Mining
24:12 Heavy Plow
24:24 Bow Saw
27:19 Imperial Age
26:37 Ballistics
28:10 Silk Road
27:52 Caravan
29:57 Hand Cart
31:15 Chemistry
30:27 Fortified Wall
30:35 Thumb Ring
31:27 Padded Archer Armor
36:58 Pirotechnia
37:08 Conscription
37:53 Leather Archer Armor
37:29 Fletching
39:43 Elite Genoese Crossbowman
40:43 Bodkin Arrow
41:46 Crop Rotation
42:22 Ring Archer Armor
41:52 Bracer
42:06 Masonry
41:27 Elite Skirmisher
49:52 Hoardings
49:45 Capped Ram
Rowdy
0:27 Loom
13:07 Feudal Age
19:58 Castle Age
17:56 Double-Bit Axe
17:54 Horse Collar
19:56 Stone Mining
19:59 Gold Mining
21:12 Wheelbarrow
28:03 Bow Saw
28:57 Heavy Plow
29:36 Gold Shaft Mining
29:32 Fletching
29:44 Padded Archer Armor
30:23 Stone Shaft Mining
31:47 Caravan
32:46 Bodkin Arrow
33:07 Leather Archer Armor
34:12 Ballistics
36:56 Imperial Age
34:45 Hand Cart
35:53 Forging
35:43 Scale Mail Armor
35:49 Scale Barding Armor
36:28 Town Watch
37:32 Iron Casting
36:19 Pikeman
36:59 Squires
36:45 Arson
37:13 Scale Barding Armor
37:27 Red Cliffs Tactics
38:39 Chemistry
38:40 Two-Man Saw
37:48 Town Patrol
37:51 Bracer
37:51 Elite Fire Archer
38:52 Conscription
39:20 Murder Holes
40:48 Blast Furnace
40:03 Chain Mail Armor
39:11 Light Cavalry
40:01 Bloodlines
39:51 Husbandry
39:30 Halberdier
40:19 Sitting Tiger
40:40 Hussar
43:26 Plate Mail Armor
43:17 Chain Barding Armor
49:02 Plate Barding Armor
TAE_YANG
10:30 Feudal Age
11:04 Loom
12:32 Double-Bit Axe
12:35 Horse Collar
16:08 Castle Age
15:03 Gold Mining
17:23 Bow Saw
18:11 Stone Mining
19:19 Heavy Plow
22:43 Wheelbarrow
24:41 Hand Cart
25:28 Gold Shaft Mining
30:06 Imperial Age
28:47 Padded Archer Armor
28:37 Fletching
29:27 Stone Shaft Mining
29:13 Scale Barding Armor
29:22 Bloodlines
29:12 Husbandry
29:51 Leather Archer Armor
29:46 Husbandry
30:09 Ballistics
30:01 Fortified Wall
30:30 Bodkin Arrow
30:46 Forging
30:49 Masonry
31:30 Conscription
31:28 Thumb Ring
31:53 Parthian Tactics
32:17 Chain Barding Armor
32:19 Bracer
31:43 Light Cavalry
33:29 Chemistry
34:18 Iron Casting
34:09 Siege Engineers
34:13 Capped Ram
35:14 Drill
35:13 Murder Holes
35:37 Caravan
35:19 Hussar
36:12 Elite Mangudai
39:01 Blast Furnace
37:26 Siege Ram
46:47 Elite Steppe Lancer
49:52 Elite Steppe Lancer
zenghui
0:26 Loom
11:36 Feudal Age
12:50 Wheelbarrow
12:02 Double-Bit Axe
12:03 Horse Collar
18:08 Castle Age
16:46 Stone Mining
18:58 Hand Cart
19:17 Bow Saw
21:39 Stone Shaft Mining
26:07 Heavy Plow
27:06 Gold Mining
36:10 Imperial Age
33:56 Forging
33:52 Scale Barding Armor
34:50 Coinage
34:21 Caravan
34:18 Town Watch
35:51 Iron Casting
36:31 Chain Barding Armor
35:59 Elite War Elephant
37:01 Conscription
37:15 Crop Rotation
37:46 Two-Man Saw
37:49 Blast Furnace
37:53 Chemistry
36:49 Murder Holes
38:30 Plate Barding Armor
38:33 Banking
38:16 Guilds
Connection lost

Rejoining the realm…

Still unreachable

The connection could not be restored.

Session expired

The server has moved on; the page needs a fresh start.